 Dungeon Crawl Stone Soup version 0.26-a0-834-g69557b85cc (webtiles) character file.

Game seed: 5490375416512801428

1817 marklar909 the Slasher (level 8, -22/71 HPs)
             Began as a Grey Draconian Monk on Nov 17, 2020.
             Was a Priest of Makhleb.
             Killed from afar by Maggie (31 damage)
             ... with a bolt of fire
             ... on level 6 of the Dungeon.
             The game lasted 00:07:34 (6642 turns).

marklar909 the Slasher (Grey Draconian Monk)        Turns: 6642, Time: 00:07:35

Health: -22/71     AC: 12    Str: 20    XL:     8   Next: 85%
Magic:  19/19      EV: 15    Int: 10    God:    Makhleb [***...]
Gold:   423        SH:  0    Dex: 16    Spells: 7/7 levels left

rFire    . . .     SeeInvis .   n - +4 long sword
rCold    . . .     Faith    .   (no shield)
rNeg     . . .     Spirit   .   (armour unavailable)
rPois    .         Reflect  .   (helmet restricted)
rElec    .         Harm     .   v - +0 cloak
rCorr    .         Rampage  .   (no gloves)
MR       .....                  (no boots)
Stlth    +++.......             (no amulet)
HPRegen  0.21/turn              i - ring of magical power
MPRegen  0.16/turn              o - +6 ring of strength

@: mesmerised
A: walk through water, unfitting armour, unbreathing, cold-blooded, AC +11
a: Minor Destruction, Lesser Servant of Makhleb, Renounce Religion


You were on level 6 of the Dungeon.
You worshipped Makhleb.
Makhleb was most pleased with you.
You visited 1 branch of the dungeon, and saw 6 of its levels.

You collected 423 gold pieces.

Inventory:

Hand Weapons
 n - a +4 long sword (weapon)
Armour
 v - a +0 cloak (worn)
Jewellery
 i - a ring of magical power (left hand)
 o - a +6 ring of strength (right hand)
 r - an uncursed ring of protection from magic {unknown}
Wands
 h - a wand of random effects (17)
 p - a wand of acid (4)
Scrolls
 a - 9 scrolls of identify {unknown}
 d - a scroll of amnesia
 f - 2 scrolls of teleportation
 j - a scroll of fear {unknown}
 l - a scroll of remove curse {unknown}
 m - 3 scrolls of immolation {unknown}
 q - a scroll of blinking {unknown}
 y - a scroll of fog {unknown}
Potions
 b - 2 potions of haste {unknown}
 c - a potion of might {unknown}
 e - 2 potions of lignification {unknown}
 g - a potion of degeneration {unknown}
 k - 3 potions of curing
 s - 3 potions of resistance {unknown}
 t - 2 potions of attraction {unknown}
 u - a potion of magic {unknown}
 w - a potion of mutation {unknown}
 x - a potion of heal wounds {unknown}


   Skills:
 * Level 6.4 Fighting
 + Level 7.1 Long Blades
 - Level 0.8 Maces & Flails
 * Level 5.3 Dodging
 + Level 5.4 Stealth
 * Level 3.0 Invocations
 + Level 0.4 Evocations


You had 7 spell levels left.
You didn't know any spells.
Your spell library was empty.

Dungeon Overview and Level Annotations

Branches:
Dungeon (6/15)
 Temple: D:4-7

Altars:
Elyvilon
Gozag
Makhleb
Vehumet
Wu Jian
Xom

Annotations:
D:5 2 runed translucent doors
D:6 Maggie


Innate Abilities, Weirdness & Mutations

You can walk through water.
Your dull iron-grey scales are very hard. (AC +11)
You cannot fit into any form of body armour.
You can survive without breathing.
You are cold-blooded and may be slowed by cold attacks.


Message History

Maggie hits you but does no damage.
Your Invocations skill increases to level 3!
You hit Maggie but do no damage.
Your tail-slap misses Maggie.
Maggie is heavily wounded.
Your smoke demon gestures at Maggie.
Maggie is smitten.
Your neqoxec hits Maggie but does no damage.
Unknown command.
You slash Maggie!
Maggie is almost dead.
Maggie gives herself a magical halo, but it quickly sputters out.
Maggie hits you with a +0 morningstar!
* * * LOW HITPOINT WARNING * * *
Your smoke demon barely misses Maggie. x2; Your smoke demon misses Maggie.
Your neqoxec hits Maggie but does no damage.
You hit Maggie but do no damage. You tail-slap Maggie.
Maggie is almost dead.
Maggie casts a spell at you. The bolt of fire hits you!!
You die...

#..........#
#..#.....#)#
#....._....#
#.§#.....#.#
######.§........#
......§#.⌠.⌠.#.#
#..# #§.§)@3...#
#..###.#§3@..#.#
##..##..........#
#...##..†...#####
#.#[##.######
#.#.##.# #.#..#.#
##.##...#
####..###.##
#....<##...#


You could see Maggie (mesmerising), a friendly smoke demon (summoned) and a
friendly neqoxec (summoned).

Vanquished Creatures
  Pikel (D:6)
  Eustachio (D:5)
  A water moccasin (D:5)
  A sky beast (D:6)
  A phantom (D:2)
  An ogre (D:4)
  A centaur (D:6)
  A bullfrog (D:6)
  A hound (D:5)
  A bullfrog skeleton (D:4)
  Crazy Yiuf (D:4)
  2 centaur skeletons
  2 orc priests
  An orc wizard (D:4)
  An iguana (D:6)
  4 worker ants
  7 gnolls
  8 adders
  A shadow imp (D:6)
  A white imp (D:5)
  An ufetubus (D:6)
  3 oozes
  A worm (D:5)
  A dart slug (D:5)
  6 leopard geckos
  8 orcs
  2 bats (D:2)
  7 giant cockroaches
  6 goblins
  4 hobgoblins
  10 jackals
  2 frilled lizards (D:4)
  2 kobolds (D:3)
  5 rats
96 creatures vanquished.

Vanquished Creatures (collateral kills)
  An orc warrior (D:6)
  A centaur (D:6)
2 creatures vanquished.

Vanquished Creatures (others)
  5 toadstools (D:1)
5 creatures vanquished.

Grand Total: 103 creatures vanquished

Notes
Turn   | Place    | Note
-------+----------+-------------------------------------------
     0 | D:1      | marklar909 the Draconian Monk began the quest for the Orb.
     0 | D:1      | Reached XP level 1. HP: 19/19 MP: 1/1
   646 | D:1      | Reached XP level 2. HP: 8/26 MP: 2/2
  1104 | D:2      | Noticed a phantom
  1323 | D:2      | Reached XP level 3. HP: 33/33 MP: 3/3
  1395 | D:2      | Found a burning altar of Makhleb.
  1408 | D:2      | Became a worshipper of Makhleb the Destroyer
  1408 | D:2      | Reached * piety under Makhleb
  1408 | D:2      | Reached ** piety under Makhleb
  2245 | D:3      | Found an opulent altar of Gozag.
  2245 | D:3      | Found a radiant altar of Vehumet.
  2426 | D:3      | You fall into a shaft and drop 2 floors!
  2426 | D:5      | Entered Level 5 of the Dungeon
  2426 | D:5      | Noticed Eustachio
  2441 | D:5      | Killed Eustachio
  2442 | D:5      | Reached XP level 4. HP: 23/40 MP: 4/4
  2442 | D:5      | Reached XP level 5. HP: 26/46 MP: 5/5
  2918 | D:5      | Found a shimmering altar of Xom.
  2956 | D:5      | Reached XP level 6. HP: 28/53 MP: 6/6
  3228 | D:5      | Noticed a water moccasin
  3242 | D:5      | Killed a water moccasin
  3243 | D:5      | Reached skill level 4 in Long Blades
  3554 | D:5      | Found a shimmering altar of Xom.
  3959 | D:5      | Reached skill level 1 in Invocations
  4086 | D:5      | Found a runed translucent door.
  4087 | D:5      | Found a runed translucent door.
  4087 | D:5      | Noticed a soldier ant
  4238 | D:4      | Your scales start taking on a dull iron-grey colour.
  4238 | D:4      | Reached XP level 7. HP: 56/60 MP: 7/7
  4238 | D:4      | Gained mutation: You can survive without breathing. [Grey
                  | Draconian growth]
  4401 | D:4      | Reached *** piety under Makhleb
  4405 | D:4      | Reached skill level 5 in Long Blades
  4494 | D:4      | Reached skill level 5 in Fighting
  4770 | D:4      | Found an ornate altar of the Wu Jian Council.
  4877 | D:4      | Found a runed translucent door.
  4878 | D:4      | Noticed Crazy Yiuf
  5021 | D:4      | Killed Crazy Yiuf
  5687 | D:2      | Reached skill level 6 in Long Blades
  5941 | D:6      | Noticed Pikel
  5968 | D:6      | Killed Pikel
  5969 | D:6      | Reached skill level 5 in Dodging
  5969 | D:6      | Reached skill level 5 in Stealth
  5969 | D:6      | Reached XP level 8. HP: 9/69 MP: 9/9
  6265 | D:6      | Noticed Maggie
  6578 | D:6      | Reached skill level 7 in Long Blades
  6616 | D:6      | Found a white marble altar of Elyvilon.
  6642 | D:6      | Killed from afar by Maggie

Illustrated notes

Levels and vault maps discovered:
D:1:      ldierk_walled_garden, layout_basic
D:2:      layout_loops_cross, lemuel_round_altar
D:3:      layout_basic, gammafunk_temple_overflow_wave,
          kennysheep_generic_room_11
D:4:      layout_cave_pools, lemuel_coloured_pillars_altar, st_stairs_5,
          patterned_corridor, uniq_crazy_yiuf_cottage
D:5:      lemuel_insect_pit, layout_cave_pods, lemuel_round_altar,
          minmay_misc_feat_pillars, xom_teletrap_fun, uniq_eustachio
D:6:      layout_rooms, gammafunk_temple_overflow_statue,
          minmay_temple_entry_mist, minmay_holes, elyvilon_altar_5, uniq_pikel,
          uniq_maggie

Skill      XL: |  1  2  3  4  5  6  7  8 |
---------------+-------------------------+-----
Stealth        | 2 3 4 5 |  5.4
Dodging        | 3 4 5 |  5.3
Fighting       | 4 5 6 |  6.4
Long Blades    | 4 6 7 |  7.1
Invocations    | 1 2 3 |  3.0
Maces & Flails | |  0.8
Evocations     | |  0.4

Action                   |  1- 3 |  4- 6 |  7- 9 || total
-------------------------+-------+-------+-------++-------
Melee: Falchion          |    17 |       |       ||    17
       Tailslap          |    12 |     7 |    20 ||    39
       Whip              |    81 |       |       ||    81
       Long sword        |    12 |    57 |   133 ||   202
Invok: Minor Destruction |       |     5 |     5 ||    10
       Lesser Servant of |       |       |     3 ||     3
Evoke: Wand              |       |       |     2 ||     2
  Use: Scroll            |       |       |     2 ||     2
       Potion            |       |       |     1 ||     1
 Stab: Sleeping          |     6 |     1 |     8 ||    15
       Distracted        |       |       |     1 ||     1
Armor: Skin              |    22 |    11 |    55 ||    88
Dodge: Dodged            |    69 |    64 |    96 ||   229
       Rpst.: Falchion   |     3 |       |       ||     3
       Long sword        |    10 |    25 |    21 ||    56

Table legend: (Time is in decaauts)
 A = Elapsed time spent in this place.
 B = Non-inter-level travel time spent in this place.
 C = Inter-level travel time spent in this place.
 D = Time resting spent in this place.
 E = Time spent auto-exploring this place.
 F = Levels seen in this place.
 G = Mean time per level.
                   A        B        C        D        E       F      G
               +--------+--------+--------+--------+--------+-----+--------+
         Total |   6682 |   6336 |    346 |   1617 |   3886 |   6 | 1113.7 |
       Dungeon |   6682 |   6336 |    346 |   1617 |   3886 |   6 | 1113.7 |
               +--------+--------+--------+--------+--------+-----+--------+

Top non-repeatable levels by time:
     D:5: 2118 daAuts
     D:1: 1453 daAuts
     D:3: 1073 daAuts
     D:4: 857 daAuts
     D:2: 735 daAuts
     D:6: 442 daAuts
